 Dungeon Crawl Stone Soup version 0.20.1-1-g8b1a95d (webtiles) character file.

1834 Wacky444 the Scratcher (level 8, -14/38 HPs)
             Began as a Felid Transmuter on July 27, 2017.
             Was a Priest of Makhleb.
             Killed from afar by a yak (37 damage)
             ... with an exploding inner flame
             ... hexed by the player character
             ... on level 2 of the Lair of Beasts on July 30, 2017.
             The game lasted 01:49:25 (9677 turns).

Wacky444 the Scratcher (Felid Transmuter)           Turns: 9677, Time: 01:49:26

Health: -14/38     AC: 10    Str:  6    XL:     8   Next: 87%
Magic:  11/18      EV:  7    Int: 15    God:    Makhleb [***...]
Gold:   407        SH:  0    Dex: 23    Spells: 10/20 levels left
                                        Lives:  0   Deaths: 2

rFire    x . .     SeeInvis +     - Unarmed
rCold    + + +     Gourm    .   (shield unavailable)
rNeg     . . .     Faith    +   (armour unavailable)
rPois    +         Spirit   .   (helmet unavailable)
rElec    .         Reflect  .   (cloak unavailable)
rCorr    .         Harm     .   (gloves unavailable)
MR       +....                  (boots unavailable)
Stlth    +++.......             u - amulet of faith
Regen    0.2/turn               j - +4 ring of protection
MPRegen  0.2/turn               f - +4 ring of dexterity

@: ice-form, held
A: no armour, no weapons or thrown items, stealth, see invisible, carnivore 3,
slow metabolism 1
a: End Transformation, Minor Destruction, Lesser Servant of Makhleb, Renounce
Religion


You were on level 2 of the Lair of Beasts.
You worshipped Makhleb.
Makhleb was most pleased with you.
You were not hungry.
You were a creature of crystalline ice.
You visited 2 branches of the dungeon, and saw 10 of its levels.
You also visited: Sewer.

You collected 407 gold pieces.

Inventory:

Missiles
 q - 59 arrows
Jewellery
 d - an uncursed ring of stealth
 f - a +4 ring of dexterity (right front paw)
 j - a +4 ring of protection (left front paw)
 r - an uncursed amulet of regeneration
 u - an amulet of faith (around neck)
 I - an uncursed amulet of regeneration
Wands
 h - a wand of lightning (6/15)
 p - a wand of lightning (3/15)
 t - a wand of iceblast (8/15)
 x - a wand of polymorph (8/24)
 z - a wand of acid (2/15)
 C - a wand of iceblast (5/15)
 D - a wand of iceblast (12/15)
 G - a wand of random effects (17/48)
Scrolls
 a - 8 scrolls of remove curse
 y - a scroll of magic mapping {unknown}
 B - a scroll of recharging
 E - a scroll of random uselessness {unknown}
 H - 2 scrolls of amnesia
Potions
 e - 3 potions of curing
 g - 2 potions of agility
 k - 2 potions of magic
 m - 3 potions of brilliance {unknown}
 s - 6 potions of heal wounds
 w - a potion of mutation {unknown}
 A - a potion of might
Books
 b - a book of Changes

   Spells                             Type                      Level
   a - Beastly Appendage              Transmutation                1
   b - Sticks to Snakes               Transmutation                2
   c - Spider Form                    Transmutation/Poison         3
   d - Ice Form                       Ice/Transmutation            4
   e - Blade Hands                    Transmutation                5
Comestibles
 c - 5 meat rations
 n - 4 bread rations
 o - 5 royal jellies


   Skills:
 + Level 1.6 Fighting
 + Level 5.5 Dodging
 + Level 5.2 Stealth
 + Level 7.6 Unarmed Combat
 + Level 6.5 Spellcasting
 + Level 7.6 Transmutations
 + Level 2.3 Poison Magic
 + Level 3.8 Invocations
 + Level 2.1 Evocations


You had 10 spell levels left.
You knew the following spells:

 Your Spells              Type           Power        Failure   Level  Hunger
a - Beastly Appendage     Tmut           ####..       1%          1    None
b - Sticks to Snakes      Tmut           ####....     1%          2    #......
c - Spider Form           Tmut/Pois      ###.......   5%          3    ##.....
d - Ice Form              Ice/Tmut       ###.....     28%         4    ####...


Dungeon Overview and Level Annotations

Branches:
Dungeon (8/15)             Temple (0/1) D:5            Lair (2/6) D:8
  Swamp: Lair:2-4    Shoals: Lair:2-4     Snake: Lair:2-4    Spider: Lair:2-4

Altars:
Gozag
Kikubaaqudgha
Makhleb
Nemelex Xobeh
Okawaru

Annotations:
D:6 Prince Ribbit
Lair:1 ThereIsNoGod's ghost, journeyman TrFi
Lair:2 Harold


Innate Abilities, Weirdness & Mutations

You cannot wear armour.
You are incapable of wielding weapons or throwing items.
Your paws allow you to move quietly. (Stealth)
((You have sharp claws.))
((You have razor-sharp teeth.))
You have supernaturally acute eyesight. (SInv)
You are carnivorous and can eat meat at any time.
((You cover ground quickly.))
((You are covered in thick fur. (AC +2)))
You have a slow metabolism.
((Your sharp claws are effective at attacking unaware monsters.))


Message History

The yak barely misses your ball python.
Your orange demon stings the yak.
The yak looks as sick as possible!
Your orange demon poisons the yak!
Your orange demon hits the yak.
The yak looks weaker.
You struggle against the net.
The yak gores you.
Your ball python bites the yak but does no damage.
Harold closely misses you.
Harold hits your ball python but does no damage.
The yak gores you. The yak gores your ball python.
Your ball python explodes!
The fiery explosion engulfs the yak.
The yak explodes!
The fiery explosion engulfs your orange demon.
Your orange demon is moderately wounded.
The fiery explosion engulfs the yak.
The yak explodes!
The fiery explosion engulfs the orange demon.
The orange demon is severely wounded.
The fiery explosion engulfs you! The fire burns you terribly!
Ouch! That really hurt!
You die...

########
##Y#...P###.#...
#§§@§...<.......
#4Y§§........@..
#.Y§YY..........
#........#.###..
#.........### #
##........#
#........#
.........P


You could see Harold (inner flame), an orange demon and 4 yaks.

Vanquished Creatures
  Erica (D:8)
  A blink frog (Lair:1)
  A sky beast (D:6)
  3 centaurs
  A crocodile (Lair:1)
  A big kobold (Sewer)
  2 bullfrogs (Lair:1)
  A scorpion (D:6)
  7 killer bees
  A howler monkey (D:4)
  An orc priest (D:4)
  4 hounds
  A jelly (D:8)
  A bullfrog skeleton (D:7)
  Ijyb (D:5)
  2 orc wizards
  3 worker ants
  A howler monkey skeleton (D:7)
  12 adders
  A gnoll (D:7)
  A river rat (D:6)
  A shadow imp (D:5)
  An ooze (Sewer)
  2 adder zombies
  An adder skeleton (D:4)
  6 worms
  5 dart slugs
  4 leopard geckos
  12 orcs
  3 giant cockroaches
  7 goblins
  11 hobgoblins
  4 jackals (D:3)
  3 quokkas
  2 ball pythons
  14 bats
  5 frilled lizards
  18 kobolds
  A leopard gecko skeleton (D:4)
  A quokka skeleton (D:5)
  8 rats
  2 butterflies (D:5)
158 creatures vanquished.

Vanquished Creatures (collateral kills)
  A black mamba (Lair:1)
  A spiny frog (Lair:1)
  A hornet (Lair:1)
  2 blink frogs (Lair:1)
  A hippogriff (Lair:1)
  A hungry ghost (D:8)
  A porcupine (Lair:1)
  A sky beast (D:8)
  A bullfrog (D:8)
  A wyvern skeleton (D:7)
  A killer bee (D:8)
  A howler monkey (D:8)
  A crimson imp (D:7)
  A bullfrog zombie (D:8)
  A hound (D:2)
  2 adders
  3 gnolls (D:7)
  4 kobolds
  2 rats
27 creatures vanquished.

Vanquished Creatures (others)
  A fungus (Lair:1)
1 creature vanquished.

Grand Total: 186 creatures vanquished

Notes
Turn   | Place    | Note
-------+----------+-------------------------------------------
     0 | D:1      | Wacky444 the Felid Transmuter began the quest for the Orb.
     0 | D:1      | Reached XP level 1. HP: 9/9 MP: 4/4
   205 | D:1      | Reached XP level 2. HP: 12/12 MP: 4/6
   770 | D:1      | Learned a level 2 spell: Sticks to Snakes
   996 | D:2      | Reached XP level 3. HP: 9/15 MP: 1/7
  1451 | D:2      | Found a burning altar of Makhleb.
  1463 | D:2      | Reached XP level 4. HP: 4/19 MP: 3/8
  1513 | D:2      | Became a worshipper of Makhleb the Destroyer
  1802 | D:2      | Learned a level 3 spell: Spider Form
  1935 | D:2      | Reached skill level 1 in Stealth
  2017 | D:2      | Found an iron altar of Okawaru.
  2951 | D:3      | Reached * piety under Makhleb
  2955 | D:3      | Reached XP level 5. HP: 13/22 MP: 2/9
  4519 | D:4      | Slain by a worker ant
  4520 | D:4      | Reached XP level 4. HP: -1/19 MP: 8/9
  4532 | D:4      | Reached ** piety under Makhleb
  4541 | D:4      | Reached XP level 5. HP: 22/22 MP: 6/10
  4555 | D:4      | Learned a level 4 spell: Ice Form
  4903 | D:4      | Reached skill level 5 in Unarmed Combat
  5441 | D:4      | Gained mutation: You are covered in thick fur. (AC +2) [Felid growth]
  5441 | D:4      | Reached XP level 6. HP: 19/25 MP: 5/11
  5455 | D:4      | Reached skill level 1 in Poison Magic
  5455 | D:4      | Reached skill level 1 in Invocations
  5807 | D:5      | Entered Level 5 of the Dungeon
  6029 | D:5      | Found a sparkling altar of Nemelex Xobeh.
  6029 | D:5      | Found an ancient bone altar of Kikubaaqudgha.
  6030 | D:5      | Found an opulent altar of Gozag.
  6184 | D:5      | Found a staircase to the Ecumenical Temple.
  6293 | D:5      | Reached XP level 7. HP: 28/28 MP: 9/13
  6484 | D:5      | Noticed Ijyb
  6488 | D:5      | Killed Ijyb
  6800 | D:6      | Found a glowing drain.
  6848 | Sewer    | Entered a sewer
  6930 | Sewer    | Reached *** piety under Makhleb
  7328 | D:6      | Noticed Prince Ribbit
  7549 | D:7      | Reached skill level 5 in Dodging
  7549 | D:7      | Reached XP level 8. HP: 32/32 MP: 15/15
  7570 | D:7      | Reached **** piety under Makhleb
  8171 | D:8      | Noticed Erica
  8191 | D:8      | Reached skill level 5 in Transmutations
  8210 | D:8      | Killed Erica
  8210 | D:8      | Reached skill level 5 in Spellcasting
  8267 | D:8      | Reached XP level 9. HP: 26/35 MP: 6/17
  8274 | D:8      | Reached skill level 1 in Evocations
  8464 | D:8      | Found a staircase to the Lair.
  8470 | Lair:1   | Entered Level 1 of the Lair of Beasts
  8615 | Lair:1   | Noticed ThereIsNoGod's ghost (journeyman TrFi)
  8775 | Lair:1   | Noticed a spiny frog
  8797 | Lair:1   | Killed a spiny frog
  8797 | Lair:1   | Reached skill level 5 in Stealth
  8898 | Lair:1   | Found a frozen archway.
  8906 | Lair:1   | Noticed a six-headed hydra
  9344 | Lair:1   | Noticed a black mamba
  9359 | Lair:1   | Slain by a black mamba
  9360 | Lair:1   | Reached XP level 8. HP: -2/32 MP: 12/18
  9381 | Lair:1   | Killed a black mamba
  9552 | Lair:1   | Learned a level 4 spell: Ice Form
  9662 | Lair:2   | Noticed Harold
  9677 | Lair:2   | Killed from afar by a yak

Skill      XL: |  1  2  3  4  5  6  7  8  9 |
---------------+----------------------------+-----
Dodging        | 3 4 5 |  5.5
Unarmed Combat | 4 5 6 7 |  7.6
Stealth        | 2 3 4 5 |  5.2
Transmutations | 3 4 6 7 |  7.6
Spellcasting   | 3 4 5 6 |  6.5
Poison Magic   | 1 2 |  2.3
Invocations    | 1 2 3 |  3.8
Evocations     | 2 |  2.1
Fighting       | |  1.6

Action                   |  1- 3 |  4- 6 |  7- 9 || total
-------------------------+-------+-------+-------++-------
Melee: Unarmed           |    81 |   203 |   162 ||   446
       Bite              |    10 |    17 |     7 ||    34
       Headbutt          |    11 |    23 |    10 ||    44
       Punch             |     2 |       |     3 ||     5
 Cast: Beastly Appendage |    12 |    33 |    19 ||    64
       Sticks to Snakes  |     4 |     8 |    62 ||    74
       Spider Form       |       |    20 |    21 ||    41
       Ice Form          |       |       |     2 ||     2
Invok: Minor Destruction |       |    10 |    17 ||    27
       Lesser Servant of |       |       |     9 ||     9
       Major Destruction |       |       |     4 ||     4
 Abil: End Transformatio |     1 |     2 |     4 ||     7
Evoke: Wand              |       |     1 |    11 ||    12
  Use: Scroll            |     2 |     2 |    11 ||    15
       Potion            |     1 |     4 |    10 ||    15
 Stab: Sleeping          |       |    10 |     8 ||    18
       Distracted        |       |       |     2 ||     2
  Eat: Chunk             |     3 |    24 |    14 ||    41
Armor: Skin              |     8 |    12 |    18 ||    38
Dodge: Dodged            |    65 |   173 |   175 ||   413
